 Dungeon Crawl Stone Soup version 0.30.0 (webtiles) character file.

Game seed: 12062243793975561586

395 Fobzilla the Trooper (level 6, 0/48 HPs)
             Began as a Demonspawn Berserker on Sept 22, 2023.
             Was a Priest of Trog.
             Slain by a gnoll
             ... wielding a +0 club
              (4 damage)
             ... on level 4 of the Dungeon.
             The game lasted 00:17:39 (3043 turns).

Fobzilla the Trooper (Demonspawn Berserker)         Turns: 3043, Time: 00:17:40

Health: 0/48       AC:  9    Str: 22    XL:     6   Next: 52%
Magic:  6/6        EV: 12    Int:  8    God:    Trog [***...]
Gold:   113        SH:  9    Dex: 19    Spells: 5/5 levels left

rFire   . . .        f - +3 whip "Ilixom" {flame, Str+3}
rCold   . . .        (no shield)
rNeg    . . .        r - +1 ring mail
rPois   .            (helmet restricted)
rElec   .            (no cloak)
rCorr   .            d - +0 pair of gloves
SInv    .            l - +1 pair of boots
Will    .....        i - amulet of reflection
Stlth   +            g - +6 ring of dexterity
HPRegen 0.28/turn    (no ring)
MPRegen 0.10/turn

%: reflection
@: no status effects
A: antennae 1, demonic guardian 1, condensation shield
a: Renounce Religion, Berserk, Trog's Hand


You were on level 4 of the Dungeon.
You worshipped Trog.
Trog was most pleased with you.
You visited 1 branch of the dungeon, and saw 4 of its levels.

You collected 113 gold pieces.

Inventory:

Hand Weapons
 a - a +0 hand axe
 f - the +3 whip "Ilixom" (weapon) {flame, Str+3}
   (You found it on level 2 of the Dungeon)

   Str:       It affects your strength (+3).
 j - a +2 dagger of protection
 o - a +0 sling
Missiles
 e - 31 stones (quivered)
 h - 9 poisoned darts
Armour
 c - a +1 leather armour
 d - a +0 pair of gloves (worn)
 l - a +1 pair of boots (worn)
 q - a +0 helmet
 r - a +1 ring mail (worn)
Magical Staves
 m - a staff of conjuration
Jewellery
 g - a +6 ring of dexterity (left hand)
 i - an amulet of reflection (around neck)
Scrolls
 b - a scroll of identify
 k - a scroll of acquirement {unknown}
 n - a scroll of poison
 t - a scroll of fear {unknown}
Potions
 p - a potion of cancellation {unknown}
 s - a potion of flight {unknown}


   Skills:
 + Level 3.8 Fighting
 + Level 1.9 Short Blades
 + Level 3.4(3.9) Axes
 + Level 2.5(3.4) Maces & Flails
 + Level 0.7 Throwing
 + Level 2.7 Armour
 + Level 2.5 Dodging
 + Level 0.4 Stealth
 + Level 1.7 Shields


You had 5 spell levels left.
You didn't know any spells.
Your spell library was empty.

Dungeon Overview and Level Annotations

Branches:
Dungeon (4/15)
 Temple: D:4-7

Altars:

Shops:
D:1 *   D:3 *


Innate Abilities, Weirdness & Mutations

You have a pair of small antennae on your head.
A weak demonic guardian rushes to your aid.
A meltable shield of frost defends you. (SH +4)


Message History

You barely miss the kobold brigand.
The kobold brigand is severely wounded.
The kobold brigand hits you with a +0 whip.
You block the gnoll's attack. The gnoll barely misses you. x2
The kobold brigand barely misses you. The gnoll closely misses you.
The gnoll hits you but does no damage. You block the gnoll's attack.
You hit the kobold brigand but do no damage.
The kobold brigand is severely wounded.
The kobold brigand closely misses you. You block the gnoll's attack.
The gnoll hits you with a +0 flail. You block the gnoll's attack.
You closely miss the kobold brigand.
The kobold brigand is severely wounded.
The kobold brigand barely misses you. The gnoll hits you with a +0 club.
* * * LOW HITPOINT WARNING * * *
You block the gnoll's attack. The gnoll hits you with a +0 club.
* * * LOW HITPOINT WARNING * * *
A demonic guardian appears!
You closely miss the gnoll.
You feel yourself speed up. The kobold brigand closely misses you.
The gnoll misses you.
The gnoll closely misses you. x2; Your ufetubus closely misses the gnoll.
Your ufetubus hits the gnoll but does no damage.
The kobold brigand hits you but does no damage.
The gnoll barely misses you. The gnoll closely misses you.
The gnoll hits you but does no damage.
Your ufetubus hits the gnoll.
Your ufetubus barely misses the gnoll.
You hit the kobold brigand. You burn the kobold brigand.
The kobold brigand is almost dead.
Your ufetubus barely misses the gnoll.
Your ufetubus hits the gnoll but does no damage.
You block the gnoll's attack. The gnoll barely misses you.
The gnoll misses you.
The kobold brigand hits you with a +0 whip.
* * * LOW HITPOINT WARNING * * *
You barely miss the kobold brigand.
The kobold brigand is almost dead.
Your ufetubus closely misses the gnoll.
Your ufetubus hits the gnoll. You block the gnoll's attack.
The gnoll closely misses you. The gnoll hits you with a +0 club.
You die...

#. #.. #..#
#..# ##..#
##...# ##@g#
##gKg##
###>)..5#
##.......##
##.........#
#..........#
..)>.......##
.#.....<:...#
#..........#


You could see a kobold brigand, 3 gnolls and a friendly ufetubus (summoned).

Vanquished Creatures
  Grinder (D:3)
  2 orc wizards (D:3)
  Robin (D:3)
  2 adders
  3 dart slugs
  11 orcs (D:3)
  3 bats
  10 endoplasms
  2 giant cockroaches
  11 goblins
  7 hobgoblins
  10 jackals
  7 kobolds
  2 quokkas (D:3)
  3 ball pythons
  6 rats
81 creatures vanquished.

Vanquished Creatures (others)
  A gnoll (D:4)
1 creature vanquished.

Grand Total: 82 creatures vanquished

Notes
Turn   | Place    | Note
-------+----------+-------------------------------------------
     0 | D:1      | Fobzilla the Demonspawn Berserker began the quest for the
                  | Orb.
     0 | D:1      | Reached XP level 1. HP: 18/18 MP: 1/1
   309 | D:1      | Gained mutation: A weak demonic guardian rushes to your
                  | aid. [demonic ancestry]
   309 | D:1      | Reached XP level 2. HP: 24/24 MP: 2/2
   586 | D:1      | Found Xoalon's General Store.
   893 | D:1      | Reached XP level 3. HP: 29/29 MP: 3/3
  1262 | D:2      | Identified the +3 whip "Ilixom" {flame, Str+3}
  1348 | D:2      | Reached ** piety under Trog
  2033 | D:3      | Gained mutation: You have a pair of small antennae on your
                  | head. [demonic ancestry]
  2033 | D:3      | Reached XP level 4. HP: 35/35 MP: 4/4
  2041 | D:3      | Reached skill level 1 in Short Blades
  2128 | D:3      | Found Tuapnita's Assorted Antiques.
  2253 | D:3      | Noticed Grinder
  2276 | D:3      | Killed Grinder
  2277 | D:3      | Reached skill level 1 in Shields
  2277 | D:3      | Reached XP level 5. HP: 7/42 MP: 5/5
  2277 | D:3      | Gained mutation: A meltable shield of frost defends you.
                  | (SH +4) [demonic ancestry]
  2277 | D:3      | Reached XP level 6. HP: 8/48 MP: 6/6
  2915 | D:3      | Reached *** piety under Trog
  2916 | D:3      | Noticed Robin
  2931 | D:3      | Killed Robin
  3043 | D:4      | Slain by a gnoll

Illustrated notes

Levels and vault maps discovered:
D:1:      dpeg_arrival_rooms_a, layout_basic, serial_shops,
          nicolae_shop_just_a_little_nook
D:2:      layout_basic
D:3:      layout_basic, serial_shops, nicolae_shop_trees, uniq_grinder,
          uniq_robin
D:4:      layout_cave_pods, minmay_temple_entry_ruins

Skill      XL: |  1  2  3  4 |
---------------+-------------+-----
Axes           | 3 |  3.4
Armour         | 2 |  2.7
Dodging        | 2 |  2.5
Short Blades   | 1 |  1.9
Maces & Flails | 2 |  2.5
Shields        | 1 |  1.7
Fighting       | |  3.8
Throwing       | |  0.7
Stealth        | |  0.4

Action                     |  1- 3 |  4- 6 || total
---------------------------+-------+-------++-------
  Melee: Hand axe          |    37 |       ||    37
         Punch             |     2 |       ||     2
         Dagger            |    41 |       ||    41
         Whip              |    47 |   133 ||   180
  Throw: Stone             |     8 |       ||     8
    Use: Scroll            |     4 |     1 ||     5
         Potion            |     3 |     1 ||     4
 Armour: Leather armour    |    34 |     3 ||    37
         Animal skin       |     1 |       ||     1
         Ring mail         |       |    59 ||    59
  Dodge: Dodged            |    71 |    83 ||   154
  Block: Other             |    31 |    62 ||    93
         Reflection        |     2 |     1 ||     3
